Cogmind - Beta 14 @@@ ROGUE MODE // 2024.08.23 @ 12:32:10 Player: thrax Result: Destroyed by H-55 Commando with Gauss Rifle Performance ------------- Evolutions (1) 500 Regions Visited (5) 1000 Robots Destroyed (53) 265 Value Destroyed (1292) 1292 Prototype IDs (3) 60 Alien Tech Used (0) 0 Bonus (0) 0 TOTAL SCORE: 3117 Bonus ------- None Cogmind --------- Core Integrity 0/400 Matter 288/300 Energy 125/125 System Corruption 0% Temperature Cool (0) Movement Flying (34) Location -8/Mines Parts ------- > --- POWER (1) -------- Light Ion Engine > --- PROPULSION (4) --- Flight Unit Flight Unit Improved Flight Unit > --- UTILITY (2) ------ Small Storage Unit Hacking Suite > --- WEAPON (2) ------- Arc Projector > --- INVENTORY (8) ---- Improved Ion Engine Improved Cooling System Visual Processing Unit Layered Light Armor Plating Arc Projector Gauss Rifle Flak Cannon Great Axe Peak State ------------ > --- POWER ------------ Improved Ion Engine > --- PROPULSION ------- Flight Unit Flight Unit Flight Unit Improved Flight Unit > --- UTILITY ---------- Small Storage Unit Hacking Suite > --- WEAPON ----------- Gauss Rifle Great Axe > --- INVENTORY -------- Flight Unit Cooling System Visual Processing Unit Signal Interpreter Layered Light Armor Plating Arc Projector Advanced Beam Cannon [Rating: 21] Favorites ----------- Power Light Ion Engine Engine Light Ion Engine Propulsion Aluminum Leg Leg Aluminum Leg Wheel Wheel Flight Unit Flight Unit Utility Small Storage Unit Storage Small Storage Unit Processor Signal Interpreter Hackware Hacking Suite Weapon Assault Cannon Energy Gun Small Laser Energy Cannon Beam Cannon Ballistic Gun Light Assault Rifle Ballistic Cannon Assault Cannon Launcher Grenade Launcher Slashing Weapon Great Axe Build | -11 -10 -9 -9 -9 -8 ------- Run | Yrd Mat Mat Min Exi Min Slots Evolved 2 | . . 2 . . . Power . | . . . . . . Propulsion 2 | . . 2 . . . Utility . | . . . . . . Weapon . | . . . . . . Parts Attached 67 | 7 6 34 14 . 6 Power 8 | 1 . 4 2 . 1 Engine 8 | 1 . 4 2 . 1 Core . | . . . . . . Reactor . | . . . . . . Propulsion 25 | 2 2 13 6 . 2 Treads . | . . . . . . Leg 14 | 2 2 9 1 . . Wheel 3 | . . 3 . . . Hover . | . . . . . . Flight 8 | . . 1 5 . 2 Utility 5 | 1 2 1 1 . . Device . | . . . . . . Storage 2 | 1 . . 1 . . Processor 2 | . 2 . . . . Hackware 1 | . . 1 . . . Protection . | . . . . . . Artifact . | . . . . . . Weapon 29 | 3 2 16 5 . 3 Energy Gun 7 | 2 . 3 . . 2 Energy Cannon 6 | . 1 5 . . . Ballistic Gun 2 | 1 . . 1 . . Ballistic Cannon 9 | . . 6 2 . 1 Launcher 4 | . 1 2 1 . . Special Weapon . | . . . . . . Impact Weapon . | . . . . . . Slashing Weapon 1 | . . . 1 . . Piercing Weapon . | . . . . . . Special Melee Weapon . | . . . . . . Unidentified Prototypes 3 | . . 3 . . . Parts Lost 4 | . . 1 . . 3 Power . | . . . . . . Propulsion 4 | . . 1 . . 3 Utility . | . . . . . . Weapon . | . . . . . . Highest Loss Streak 2 | . . 1 . . 2 To Critical Strikes . | . . . . . . Average Slot Usage (%) 94 | . 99 87 99 88 83 Engine 11 | . 14 11 11 11 11 Leg 25 | . 27 26 27 . . Wheel 1 | . . 4 . . . Flight 7 | . . 1 16 44 39 Storage 11 | . 14 11 11 11 11 Processor 4 | . 13 1 . . . Hackware 7 | . . 9 11 11 11 Energy Gun 2 | . 3 1 . . 4 Energy Cannon 3 | . . 7 . . . Ballistic Gun 3 | . 13 . . . . Ballistic Cannon 8 | . . 10 15 . . Launcher 4 | . 10 . 4 . . Peak Build Rating 21 | 6 7 18 21 18 21 Average Rating 12 | 5 6 13 17 18 17 On Entrance 10 | . 6 7 16 18 18 Naked Turns . | . . . . . . Heaviest Build 22 | 11 14 18 22 16 16 Greatest Support 40 | 20 20 40 40 17 17 Greatest Overweight (x) 2 | . 1 1 2 . 1 Average Overweight (x) . | . . . . . . Largest Inventory Capacity 8 | 8 8 8 8 8 8 Average Capacity 7 | 7 8 8 8 8 8 Most Carried 8 | 4 8 8 8 8 8 Average Carried 7 | 3 7 7 7 8 7 Final Capacity 8 | 8 8 8 8 8 8 Final Carried 8 | 4 7 8 8 8 8 Class Distribution -------------------- 54% | Mutant 40% | Scavenger-Mutant 5% | Scavenger-Sprinter Dominant Class ---------------- Mutant | -10/Materials Mutant | -9/Materials Scavenger-Mutant | -9/Mines Scavenger-Sprinter | -9/Exiles Scavenger-Sprinter | -8/Mines Resources | -11 -10 -9 -9 -9 -8 ----------- Run | Yrd Mat Mat Min Exi Min Matter Collected 1612 | 252 201 619 477 . 63 Remotely . | . . . . . . Salvage Created 1284 | . 319 693 224 . 48 Parts 93 | . 27 51 11 . 4 Haulers Intercepted . | . . . . . . Recyclers Shooed 2 | . . 2 . . . Parts Field Recycled . | . . . . . . Retrieved Matter . | . . . . . . Parts Self-Destructed . | . . . . . . Prevented . | . . . . . . Kills | -11 -10 -9 -9 -9 -8 ------- Run | Yrd Mat Mat Min Exi Min Combat Hostiles Destroyed 45 | . 10 15 17 . 3 Melee 2 | . . . . . 2 Guns 2 | . 1 . . . 1 Cannons 23 | . 1 11 11 . . AOE 18 | . 8 4 6 . . Classes Destroyed 10 | . 5 4 1 . . Worker 4 | . 2 2 . . . Builder 3 | . 2 1 . . . Mechanic 1 | . . 1 . . . Operator 1 | . . 1 . . . Watcher 6 | . 3 3 . . . Swarmer 11 | . 3 . 5 . 3 Grunt 23 | . 7 11 5 . . Brawler 1 | . . 1 . . . Sentry 3 | . . 3 . . . Assembled 7 | . . . 7 . . Best Kill Streak 7 | . 3 4 7 . 2 Combat Bots Only 7 | . 3 3 7 . 2 Max Kills in Single Turn 6 | . 3 2 6 . 1 Gunslinging . | . . . . . . Exploded 5 | . 3 2 5 . . Melee 1 | . . . . . 1 Uniques/NPCs Destroyed . | . . . . . . Combat | -11 -10 -9 -9 -9 -8 -------- Run | Yrd Mat Mat Min Exi Min Hostile Shots Fired 190 | . 33 54 62 . 41 Missed 63 | . 11 16 24 . 12 Damage Taken 1732 | . 311 659 500 . 262 Core 439 | . 39 171 117 . 112 Absorbed by Shields . | . . . . . . Regen/Repaired (Parts) 42 | . 42 . . . . Core Remaining (%) 92 | 100 84 . . . . Volleys Fired 132 | 2 23 59 43 . 5 Largest 2 | 2 2 2 2 . 1 Hottest 120 | 60 90 120 112 . 55 Shots Fired 218 | 4 39 109 61 . 5 Gun 32 | 4 15 8 . . 5 Cannon 164 | . 8 99 57 . . Launcher 22 | . 16 2 4 . . Special . | . . . . . . Kinetic 111 | 2 15 46 48 . . Thermal 70 | . 8 53 9 . . Explosive 22 | . 16 2 4 . . Electromagnetic 15 | 2 . 8 . . 5 Robot Hit Streak 8 | 1 7 8 5 . 1 Robot Miss Streak 9 | 1 3 9 3 . 2 Penetration Max . | . . . . . . Secondary Targets . | . . . . . . Shots Hit Robots 110 | 2 14 52 35 . 7 Core Hits 79 | 1 24 30 22 . 2 Critical Kills . | . . . . . . Critical Parts Destroyed . | . . . . . . Critical Strikes . | . . . . . . Melee Attacks 16 | . . . . . 16 Impact . | . . . . . . Slashing 16 | . . . . . 16 Piercing . | . . . . . . Sneak Attacks . | . . . . . . Combat Hostiles . | . . . . . . Follow-up Attacks . | . . . . . . Damage Inflicted 3764 | 16 891 1360 1229 . 268 Guns 174 | 16 53 95 . . 10 Cannons 1974 | . 86 1066 822 . . Explosions 1322 | . 752 189 381 . . Melee 258 | . . . . . 258 Ramming 36 | . . 10 26 . . Kinetic 1433 | 16 53 665 699 . . Thermal 740 | . 86 531 123 . . Explosive 1192 | . 752 59 381 . . Electromagnetic 105 | . . 95 . . 10 Impact . | . . . . . . Slashing 258 | . . . . . 258 Piercing . | . . . . . . Highest Corruption 1 | . 1 . . . . Average Corruption 1 | . 1 . . . . Corruption Purged . | . . . . . . Corruption Blocked . | . . . . . . Effects 11 | . 11 . . . . Message Errors 3 | . 3 . . . . Matter Fused 2 | . 2 . . . . Energy Discharges 2 | . 2 . . . . Data Loss (minor) 1 | . 1 . . . . Misfires 1 | . 1 . . . . Alerts 2 | . 2 . . . . Overload Shots . | . . . . . . Overflow Damage 100 | . 7 12 33 . 48 Projectiles 40 | . . 12 28 . . Explosions 12 | . 7 . 5 . . Melee 48 | . . . . . 48 Knockbacks 7 | . . 3 4 . . Impact . | . . . . . . Kinetic 7 | . . 3 4 . . Secondary . | . . . . . . Self-Inflicted Damage 113 | . 18 41 54 . . Shots 4 | . 1 1 2 . . Rammed 2 | . . . 2 . . Targets Rammed 7 | . . 3 4 . . Kicked 5 | . . 3 2 . . Crushed . | . . . . . . Highest Temperature 634 | 20 141 634 326 . 54 Average Temperature 121 | 15 42 152 114 . 23 Received Heat Transfer 504 | . 93 225 186 . . Effects 15 | . . 14 1 . . Shutdowns 2 | . . 2 . . . Energy Bleed 1 | . . 1 . . . Interference 3 | . . 2 1 . . Matter Decay 3 | . . 3 . . . Short Circuit 2 | . . 2 . . . Damage (minor) 1 | . . 1 . . . Damage (major) 1 | . . 1 . . . Damage (core) 2 | . . 2 . . . Siege Activations . | . . . . . . Robots Corrupted . | . . . . . . Combat Hostiles . | . . . . . . Parts Fried . | . . . . . . Impact Corruptions . | . . . . . . Robots Melted . | . . . . . . Combat Hostiles . | . . . . . . Parts Melted 1 | . . 1 . . . Heat Transferred 1408 | . 185 1001 222 . . Parts Sabotaged . | . . . . . . Parts Stolen . | . . . . . . Parts Stripped . | . . . . . . Power Chain Reactions 2 | . . 2 . . . Alert | -11 -10 -9 -9 -9 -8 ------- Run | Yrd Mat Mat Min Exi Min Peak Influence 352 | . 352 269 147 . 145 Initial 148 | . . 148 19 . . Average 94 | . 68 149 68 . 67 Maximum Alert Level 1 | . 1 1 . . . Low Security (%) 86 | 100 85 74 100 . 100 Level 1 13 | . 14 25 . . . Level 2 . | . . . . . . Level 3 . | . . . . . . Level 4 . | . . . . . . Level 5 . | . . . . . . High Security . | . . . . . . Max Security . | . . . . . . Squads Dispatched 9 | . 4 4 1 . . Investigation 4 | . 3 . 1 . . Extermination . | . . . . . . Reinforcement 5 | . 1 4 . . . Assault . | . . . . . . Garrison . | . . . . . . Intercept . | . . . . . . Searches Triggered . | . . . . . . Construction Impeded . | . . . . . . Haulers Reinforced . | . . . . . . Active Scanning Responses . | . . . . . . Cargo Convoy Interrupts . | . . . . . . Stealth | -11 -10 -9 -9 -9 -8 --------- Run | Yrd Mat Mat Min Exi Min Distress Signals 2 | . . 1 1 . . Communications Jammed . | . . . . . . Distress Signals . | . . . . . . Times Spotted 75 | . 20 26 20 . 9 Peak Tracking Total 8 | . 4 4 8 . 5 Tactical Retreats 4 | . . . 2 . 2 Traps | -11 -10 -9 -9 -9 -8 ------- Run | Yrd Mat Mat Min Exi Min Traps Triggered 7 | . 4 3 . . . Indirectly . | . . . . . . Trap Hack Attempts . | . . . . . . Triggered . | . . . . . . Disarmed . | . . . . . . Reprogrammed . | . . . . . . Reused . | . . . . . . Traps Extracted . | . . . . . . Installed . | . . . . . . Triggered . | . . . . . . Machines | -11 -10 -9 -9 -9 -8 ---------- Run | Yrd Mat Mat Min Exi Min Machines Disabled 2 | . 2 . . . . Max in Single Turn 1 | . 1 . . . . Machines Repaired . | . . . . . . Machines Dismantled . | . . . . . . Machines Sabotaged . | . . . . . . Overloaded Fab Kills . | . . . . . . Hacking | -11 -10 -9 -9 -9 -8 --------- Run | Yrd Mat Mat Min Exi Min Machines Accessed 8 | . 3 4 1 . . Terminals 5 | . 1 4 . . . Fabricators . | . . . . . . Repair Stations 1 | . 1 . . . . Recycling Units 1 | . 1 . . . . Scanalyzers . | . . . . . . Garrison Access . | . . . . . . Total Hacks 19 | . 8 10 1 . . Successful 7 | . 4 2 1 . . Failed 12 | . 4 8 . . . Catastrophic 3 | . 1 2 . . . Database Lockouts . | . . . . . . Manual . | . . . . . . Terminals 12 | . 2 10 . . . Fabricators . | . . . . . . Repair Stations 3 | . 3 . . . . Recycling Units 3 | . 3 . . . . Scanalyzers . | . . . . . . Garrison Access . | . . . . . . Terminal Hacks 3 | . . 2 1 . . Open Door 1 | . . . 1 . . Unreport Threat 1 | . . 1 . . . Zone Layout 1 | . . 1 . . . Fabricator Hacks . | . . . . . . Repair Station Hacks 2 | . 2 . . . . Scan Component 1 | . 1 . . . . Repair 1 | . 1 . . . . Recycling Unit Hacks 2 | . 2 . . . . Report Inventory 1 | . 1 . . . . Retrieve Matter 1 | . 1 . . . . Scanalyzer . | . . . . . . Garrison Access Hacks . | . . . . . . Unauthorized Hacks . | . . . . . . Terminals . | . . . . . . Fabricators . | . . . . . . Repair Stations . | . . . . . . Recycling Units . | . . . . . . Scanalyzers . | . . . . . . Garrison Access . | . . . . . . Data Cores Recovered 1 | . . 1 . . . Used . | . . . . . . Hacking Detections 6 | . 2 4 . . . Full Trace Events 3 | . 2 1 . . . Feedback Events . | . . . . . . Feedback Blocked . | . . . . . . Robot Schematics Acquired . | . . . . . . Robots Built . | . . . . . . Authchips . | . . . . . . Time . | . . . . . . Total Robot Build Rating . | . . . . . . Part Schematics Acquired . | . . . . . . Parts Built . | . . . . . . Authchips . | . . . . . . Time . | . . . . . . Total Part Build Rating . | . . . . . . Parts Repaired 1 | . 1 . . . . Time 13 | . 13 . . . . Parts Recycled . | . . . . . . Recycled Matter . | . . . . . . Retrieved Matter . | . . . . . . Retrieved Components . | . . . . . . Parts Scanalyzed . | . . . . . . Part Schematics Acquired . | . . . . . . Parts Damaged . | . . . . . . Bothacking | -11 -10 -9 -9 -9 -8 ------------ Run | Yrd Mat Mat Min Exi Min Used RIF Installer . | . . . . . . Robots Hacked . | . . . . . . Non-combat . | . . . . . . Combat . | . . . . . . Robot Hacks Applied . | . . . . . . Relay Couplers Released . | . . . . . . Fabnet Peak Effective % . | . . . . . . Robots Rewired . | . . . . . . Allies Hacked . | . . . . . . Hacks Repelled . | . . . . . . Allies | -11 -10 -9 -9 -9 -8 -------- Run | Yrd Mat Mat Min Exi Min Total Allies . | . . . . . . Largest Group . | . . . . . . Highest-Rated Group . | . . . . . . Highest-Rated Ally . | . . . . . . Total Orders . | . . . . . . Ally Attacks . | . . . . . . Total Damage . | . . . . . . Kills . | . . . . . . Allies Corrupted . | . . . . . . Allies Melted . | . . . . . . Intel | -11 -10 -9 -9 -9 -8 ------- Run | Yrd Mat Mat Min Exi Min Robot Analysis Total . | . . . . . . Derelict Logs Recovered . | . . . . . . Drone Launches . | . . . . . . Drone Recoveries . | . . . . . . Exploration | -11 -10 -9 -9 -9 -8 ------------- Run | Yrd Mat Mat Min Exi Min Turns Passed 4021 | 162 1154 1408 1054 61 182 Spaces Moved 2873 | 121 753 798 642 195 364 Core 6 | 6 . . . . . Treads . | . . . . . . Legs 1721 | 115 753 597 256 . . Wheels 201 | . . 201 . . . Hover . | . . . . . . Flight 945 | . . . 386 195 364 Fastest Speed 31 | 50 120 86 31 31 31 Average Speed 96 | 116 120 112 102 31 31 Slowest Speed 190 | 120 190 190 187 31 112 Overloaded Moves . | . . . . . . Propulsion Burnouts . | . . . . . . Robots Hopped 1 | . . . . . 1 Cave-ins Triggered . | . . . . . . Exploration Rate (%) 50 | 6 66 53 73 33 72 Regions Visited 5 Branch Regions 3 Pre-discovered Areas . | . . . . . . Known Exits Taken 1 | . 1 . . . . Unknown Exits Taken 4 | 1 . 1 1 1 . Scrap Searched 4 | . . . 2 . 2 Spaces Dug . | . . . . . . Terrain Destroyed 162 | . 88 22 52 . . Melee . | . . . . . . Projectile 22 | . . 10 12 . . AOE 140 | . 88 12 40 . . Terrain Rammed . | . . . . . . Walls Destroyed . | . . . . . . Machines Disabled . | . . . . . . Actions | -11 -10 -9 -9 -9 -8 --------- Run | Yrd Mat Mat Min Exi Min Total 3889 | 136 965 1216 980 194 398 Wait 680 | 1 164 262 249 . 4 Move 2866 | 120 752 797 641 194 362 Hop 1 | . . . . . 1 Pick Up 43 | 4 11 19 8 . 1 Fast Attach 29 | 7 1 15 4 . 2 Attach 23 | . 4 14 3 . 2 Detach 22 | 1 2 14 3 . 2 Swap 15 | . 1 5 7 . 2 Drop 55 | 1 7 28 18 . 1 Fire 132 | 2 23 59 43 . 5 Melee 16 | . . . . . 16 Ram 2 | . . . 2 . . Kick 5 | . . 3 2 . . Crush . | . . . . . . Escape Stasis . | . . . . . . Rewire . | . . . . . . Trap . | . . . . . . Miscellaneous . | . . . . . . Route ------- -11/Scrapyard -10/Materials (discovered 2 exits: *Mat x2) -9/Materials (discovered 2 exits: *Min x2) -9/Mines (discovered 3 exits: [*Mat x2] / [*Exi]) -9/Exiles -8/Mines (discovered 2 exits: [*Mat x2]) History --------- Turn | Location | Event 6 | -11/Scrapyard | Discovered new exit (range 15) 163 | -11/Scrapyard | Entered Materials 306 | -10/Materials | Build established: Mutant 590 | -10/Materials | Discovered new exit (range 16) 607 | -10/Materials | Identified exit to Materials 1157 | -10/Materials | Discovered exit to Materials (range 16) 1257 | -10/Materials | Repaired Aluminum Leg 1317 | -10/Materials | Entered another Materials area 1317 | -9/Materials | Evolved 2 slots: Propulsion x2 1936 | -9/Materials | Discovered new exit (range 4) 2252 | -9/Materials | Discovered new exit (range 10) 2586 | -9/Materials | Build established: Scavenger-Mutant 2725 | -9/Materials | Entered Mines 2766 | -9/Mines | Core integrity fell below 50% 2897 | -9/Mines | Found DCF Scrap (12 items) 2913 | -9/Mines | Assembled infested the area 2932 | -9/Mines | Received a Rocket Launcher from a helpful Derelict 2969 | -9/Mines | Discovered new exit (range 16) 2987 | -9/Mines | Destroyed 7 combat bots 3407 | -9/Mines | Discovered new exit (range 16) 3734 | -9/Mines | Met a Derelict shopkeep closing up shop 3777 | -9/Mines | Deemed a non-threat by the Exiles lab entrance 3777 | -9/Mines | Discovered new exit (range 5) 3779 | -9/Mines | Entered Exiles 3787 | -9/Exiles | Discovered new exit (range 15) 3793 | -9/Exiles | Met 8R-AWN 3799 | -9/Exiles | Met EX-HEX 3814 | -9/Exiles | Met EX-BIN 3840 | -9/Exiles | Entered Mines 3860 | -8/Mines | Discovered new exit (range 14) 3906 | -8/Mines | Discovered new exit (range 7) 3918 | -8/Mines | Core integrity fell below 20% 4022 | -8/Mines | Destroyed by H-55 Commando with Gauss Rifle Last Messages --------------- 03922_ Flight Unit destroyed. 03929_ Destroyed Lgt. Ion Engine. 03940_ Destroyed Flight Unit. 03945_ S-10 Pest destroyed. 03954_ Acquired Flight Unit. 03964_ S-10 Pest destroyed. 03966_ Acquired 15 matter. 03966_ Acquired 13 matter. 03967_ Acquired Lgt. Ion Engine. 03970_ Acquired 15 matter. 03976_ Searching scrap... 03976_ Found Field Recycling Unit. 03976_ Found Shotgun. 03976_ Found Lrg. Storage Unit. 03976_ Found Hcp. Battery. 03976_ Found 45 Matter. 03980_ Drone sends a signal. 04013_ Flight Unit destroyed. 04022_ Slug penetrates Wall. [Achievement: Achiever] Map ----- +----------------------------------------------------+ | ??????????#?? ?????# #??# #????? | | ????????### ? #????# #??# #????? | | ????????? ? #???# #??# #????? | | ?????????? ? ???# #??# #????? | | ?????????? ? ???# #### #????? | | ??????????? ???# #????? | | ???????????? ##?# ######????? | | ????????????? #?# #?????????? | | ????????????? ?# #?????????? | | ?????????????? ?# #?????????? | | ??????????????? #?# #?????????? | | ???????????????# #?# #?????????? | | ?####??????????# ### ##????????? | | # ##?????????# #????????? | | ####??????##### #????????? | | ???????????# #????????? | | ?????????????# #????????? | | #??????????????# #####????? | | #???????????????# ##???? | | #???????????????# #???? | | ##?????????????## #???? | | #????????????## #???? | | #??????# #### ##??? | | ##??????# ##?? | | ##???????# #?? | | #????????######## ###@ #?? | | #???????????????# #?## ##?? | | ##?????????????## ##??####??? | | ##?????####??## #?????????? | | #?????# ## ##?????????? | | #?????# ##?????????? | | #?????#### ##????????? | | ##????????## ####?????? | | ####??????????## [!#?????? | | ???????????????##### ###%#?????? | | ???????????????????###?#!#?????? | | ??###??????????????????#!#?????? | | ?## ##########?????????# #?????? | | ?# #?????????# #?????? | | ## ####### #?????????# #?????? | | # #?????# ######??### #?????? | | ##?????# [#??# #?????? | | ###??????######%#??# ###?????? | | ##?????????????# #### #???????? | | ##??????## ????# ## #???????? | | ##????## ### # ##??????? | | #????# * #??????? | | #???# [ #??????? | | # #??# < ##### ##??????? | | ? #??# ?????# #???????? | +----------------------------------------------------+ Best States ------------- Heat Dissipation 28 Energy Generation 12 Energy Capacity 265 Matter Stores 300 Matter Capacity 300 Sight Range 16 Terrain Scan Density 10 Evasion (%) 63 Targeting Accuracy 5 Offensive Hacking 10 Item Schematics ----------------- None Robot Schematics ------------------ None Fabricated ------------ Nothing Alien Tech Used ----------------- None Achievements -------------- Achiever I Survived The Infestation Quick And Dirty Challenges ------------ None Game ------ Seed VoltaicSupersonicBlade Manual? 0 Play Time 00:50:44 Cumulative 18.4 hours Start 2024.08.23 @ 11:34:42 End 2024.08.23 @ 12:32:10 Sessions 1 Manual Loads 0 Difficulty Rogue Special Mode None Game No. 18 Rogue 12 Adventurer 6 Explorer 0 Win Type - Total 0 Types 0/0/0/0/0/0/0/0/0 Lore% 14 Gallery% 22 Achievement% 25 Wizard Run 0 Options --------- Layout 0 ASCII 0 Keyboard 0 Movement Numpad Keybinds 0 Fullscreen 2 Font 36/Smallcaps Map View 76x50 Zoom Use 0% Tactical HUD 1 Map Filters NONE Filters NONE Steam 1 RUN: 7b112460-795f-402f-8a4f-fb50f3aca49b